cohdb
Replays
Latest Replays
All Replays
Popular Replays
Top Player Replays
Match Explorer
How It Works
Community
CoH3 Stats
Reddit
Sign in to upload your games and track your stats! →
Sign in with Steam
Match 44844092
Unlisted
Match 44844092
Overview
Messages
Build Orders
End
Vickers Machine Gun Team
Construct Section Command Post
Dingo Light Scout Car
Infantry Section
Infantry Section
Construct Platoon Command Post
ML 3-inch Mortar Team
Humber Armored Car
Selects Air and Sea Battlegroup
Selects Commando Section Paradrop
Selects M1 Pack Howitzer Paradrop
Commando Section Paradrop
Infantry Section
Commando Section Paradrop
Construct Company Command Post
Grenade Package
6-pounder Anti-tank Gun Team
Royal Engineer Section
Crusader II Medium Tank
Crusader II Medium Tank
Construct Field Infirmary
Selects Incendiary Bombing Run
Incendiary Bombing Run
dondidit
Genki
Bonpoint
wkforjack
0
0
Comments
sign in to comment!
No comments posted yet!